 Dungeon Crawl Stone Soup version 0.29.1-12-g30fa7ad0bf (webtiles) character file.

Game seed: 15083606188848117421

5455 raph the Protected (level 10, 0/77 HPs)
             Began as a Gnoll Wanderer on Jan 8, 2023.
             Was a Priest of Qazlal.
             Slain by a yak (10 damage)
             ... on level 9 of the Dungeon.
             The game lasted 00:14:49 (8761 turns).

raph the Protected (Gnoll Wanderer)                 Turns: 8761, Time: 00:14:49

Health: 0/77       AC: 21    Str: 12    XL:     10   Next: 68%
Magic:  11/18      EV: 13    Int: 10    God:    Qazlal [***...]
Gold:   380        SH:  9    Dex: 17    Spells: 17/20 levels left

rFire   . . .      SeeInvis .   b - +1 long sword (vorpal)
rCold   . . .      Faith    .   B - +0 buckler
rNeg    . . .      Spirit   .   D - +0 swamp dragon scales
rPois   +          Reflect  .   n - +0 helmet
rElec   .          Harm     .   H - +0 cloak
rCorr   .          Rampage  .   (no gloves)
Will    .....                   L - +2 pair of boots {Stlth+}
Stlth   +++.......              (no amulet)
HPRegen 0.22/turn               p - +4 ring of protection
MPRegen 0.16/turn               (no ring)

@: no status effects
A: fangs 1, strong nose, distributed training
a: Renounce Religion, Upheaval, Elemental Force


You were on level 9 of the Dungeon.
You worshipped Qazlal.
Qazlal was most pleased with you.
You visited 1 branch of the dungeon, and saw 9 of its levels.
You also visited: Sewer and Bailey.

You collected 466 gold pieces.
You spent 86 gold pieces at shops.

Inventory:

Hand Weapons
 a - a +2 sling of freezing
 b - a +1 vorpal long sword (weapon)
 q - a +0 short sword
Armour
 n - a +0 helmet (worn)
 t - a +1 troll leather armour {Pargi}
 B - a +0 buckler (worn)
 D - +0 swamp dragon scales (worn)
 H - a +0 cloak (worn)
 L - a +2 pair of boots of stealth (worn)
Jewellery
 p - a +4 ring of protection (left hand)
 y - an amulet of magic regeneration
Wands
 s - a wand of roots (8)
 u - a wand of mindburst (4)
 w - a wand of acid (14)
 A - a wand of flame (12)
 E - a wand of digging (1)
 G - a wand of polymorph (6)
Scrolls
 c - a scroll of silence
 m - 2 scrolls of butterflies
 F - 2 scrolls of brand weapon
 J - a scroll of magic mapping
 K - a scroll of fear
Potions
 d - 3 potions of invisibility
 e - a potion of flight {unknown}
 f - 4 potions of curing
 h - a potion of resistance
 j - a potion of mutation
 k - a potion of magic {unknown}
 l - a potion of cancellation
 o - a potion of lignification
 r - 2 potions of heal wounds
 v - a potion of ambrosia {unknown}
 x - 2 potions of might
 C - a potion of haste
 I - a potion of attraction {unknown}


   Skills:
 + Level 6.3 Fighting
 + Level 5.7 Short Blades
 + Level 5.7 Long Blades
 + Level 5.7 Axes
 + Level 5.7 Maces & Flails
 + Level 5.7 Polearms
 + Level 5.7 Staves
 + Level 10.3 Ranged Weapons
 + Level 5.7 Throwing
 + Level 11.8 Armour
 + Level 5.7 Dodging
 + Level 5.7 Stealth
 + Level 5.7 Shields
 + Level 5.7 Unarmed Combat
 + Level 5.7 Spellcasting
 + Level 4.7 Conjurations
 + Level 4.7 Hexes
 + Level 4.7 Summonings
 + Level 4.7 Necromancy
 + Level 4.7 Translocations
 + Level 4.7 Transmutations
 + Level 4.7 Fire Magic
 + Level 4.7 Ice Magic
 + Level 4.7 Air Magic
 + Level 4.7 Earth Magic
 + Level 4.7 Poison Magic
 + Level 6.3 Invocations
 + Level 5.7 Evocations


You had 17 spell levels left.
You knew the following spells:

 Your Spells              Type           Power      Damage    Failure   Level
a - Swiftness             Air            12%        N/A       22%         3

Your spell library contained the following spells:

 Spells                   Type           Power      Damage    Failure   Level
 Shock                    Conj/Air       48%        1d6       7%          1
 Gell's Gravitas          Tloc           12%        N/A       22%         3
 Lesser Beckoning         Tloc           12%        N/A       22%         3
 Teleport Other           Tloc           12%        N/A       22%         3
 Airstrike                Air            6%         2d(1-17)  56%         4


Dungeon Overview and Level Annotations

Branches:
Dungeon (9/15)             Temple (0/1) D:5             Orc (0/2) D:9
  Sewer (visited)          Bailey (visited)
   Lair: D:8-11

Altars:
Cheibriados
Fedhas
Gozag
Makhleb
Nemelex Xobeh
Okawaru
Qazlal
Xom

Shops:
D:2 *

Annotations:
D:8 Erica


Innate Abilities, Weirdness & Mutations

You have very sharp teeth.
Your uncanny sense of smell can sniff out nearby items.
Your experience applies equally to all skills.


Message History

Press: ? - help, Dir - move target, f/p - two-headed ogre
Aim: a two-headed ogre, wielding a +0 glaive and a +0 halberd (steam, almost dead)
A storm cloud blasts the area with cutting wind!
The cutting wind hits the two-headed ogre!
You kill the two-headed ogre!
Qazlal accepts your kill.
You hear a splash. x2
The spriggan completely misses you.
An ogre comes into view. It is wielding a +0 halberd.
You block the spriggan's attack.
Things that are here:
a +0 glaive; an ogre skeleton You miss the spriggan.
The spriggan is almost dead.
The spriggan splashes around in the water.
You miss the spriggan.
The spriggan is almost dead.
The spriggan splashes around in the water.
You hit the spriggan but do no damage.
The spriggan is almost dead.
An ogre comes into view. It is wielding a +0 halberd.
You block the spriggan's attack.
You closely miss the spriggan.
The spriggan is almost dead.
The ogre shouts!
The spriggan splashes around in the water.
The spriggan splashes around in the water.
The spriggan closely misses you.
There is a gate leading back out of this place here.
Things that are here:
a +0 glaive; an ogre skeleton The ogre hits you from afar with a +0 halberd!
* * * LOW HITPOINT WARNING * * *
The spriggan barely misses you.
Welcome back to the Dungeon!
The yak bellows!
The yak gores you but does no damage. The yak misses you. The yak gores you.
* * * LOW HITPOINT WARNING * * *
The yak gores you!
You die...

## #.....
.......############.....
.......#.....).....)....
.......8....#..)..).....
.............)#########
#.8.....8...........
#............#...#..
###....Y..............
...8...@Y..8..##...#..
......Y.Y.............
#.#.........#.########
#...8.....8.#.#
##..........#.#
#.....8......#
########....## ######


You could see 4 yaks.

Vanquished Creatures
  A two-headed ogre (Bailey)
  Maggie (D:6)
  2 hornets (D:9)
  Sigmund (D:2)
  2 spriggans (Bailey)
  Edmund (D:6)
  2 ice beasts (D:7)
  Pargi (D:4)
  An orc warrior (D:6)
  A sky beast (D:7)
  3 centaurs
  4 ogres (Bailey)
  2 phantoms
  3 kobold brigands
  2 necrophages (D:5)
  A bullfrog (D:7)
  3 scorpions (D:6)
  3 wights (D:4)
  5 killer bees (D:8)
  2 howler monkeys (D:7)
  5 orc priests
  5 hounds
  5 iguanas
  4 orc wizards
  9 gnolls
  3 river rats (D:6)
  16 adders
  3 shadow imps
  An ufetubus (D:4)
  3 worms
  21 orcs
  7 bats
  11 endoplasms
  2 giant cockroaches (D:4)
  6 hobgoblins
  12 jackals
  13 kobolds
  A quokka (D:4)
  13 ball pythons
  2 frilled lizards
  7 goblins
  11 rats
201 creatures vanquished.

Vanquished Creatures (collateral kills)
  A kobold demonologist (D:9)
  An orc warrior (D:7)
  An orc wizard (D:7)
  An orc (D:7)
4 creatures vanquished.

Vanquished Creatures (others)
  Eustachio (D:6)
  2 orcs (D:6)
  3 fungi (D:4)
6 creatures vanquished.

Grand Total: 211 creatures vanquished

Notes
Turn   | Place    | Note
-------+----------+-------------------------------------------
     0 | D:1      | Reached skill level 10 in Armour
     0 | D:1      | raph the Gnoll Wanderer began the quest for the Orb.
     0 | D:1      | raph set off with the following items: a +0 sling, a +2
                  | scale mail, a scroll of silence, a potion of invisibility.
     0 | D:1      | Reached XP level 1. HP: 17/17 MP: 1/1
   139 | D:1      | Found a faded altar of an unknown god.
   214 | D:1      | Prayed at the altar of an unknown god.
   214 | D:1      | Became a worshipper of Qazlal Stormbringer
   214 | D:1      | Reached * piety under Qazlal
   257 | D:1      | Reached XP level 2. HP: 23/23 MP: 2/2
   849 | D:2      | Reached XP level 3. HP: 28/28 MP: 3/3
   895 | D:2      | Found Guinu's General Store.
   964 | D:2      | Reached ** piety under Qazlal
  1087 | D:2      | Bought a +0 vorpal long sword for 86 gold pieces
  1098 | D:2      | Reached skill level 1 in Invocations
  1128 | D:2      | Noticed Sigmund
  1140 | D:2      | Killed Sigmund
  1141 | D:2      | Reached skill level 1 in Short Blades
  1141 | D:2      | Reached skill level 1 in Long Blades
  1141 | D:2      | Reached skill level 1 in Axes
  1141 | D:2      | Reached skill level 1 in Maces & Flails
  1141 | D:2      | Reached skill level 1 in Polearms
  1141 | D:2      | Reached skill level 1 in Staves
  1141 | D:2      | Reached skill level 1 in Throwing
  1141 | D:2      | Reached skill level 1 in Dodging
  1141 | D:2      | Reached skill level 1 in Stealth
  1141 | D:2      | Reached skill level 1 in Shields
  1141 | D:2      | Reached skill level 1 in Unarmed Combat
  1141 | D:2      | Reached skill level 1 in Spellcasting
  1141 | D:2      | Reached skill level 1 in Conjurations
  1141 | D:2      | Reached skill level 1 in Hexes
  1141 | D:2      | Reached skill level 1 in Summonings
  1141 | D:2      | Reached skill level 1 in Necromancy
  1141 | D:2      | Reached skill level 1 in Translocations
  1141 | D:2      | Reached skill level 1 in Transmutations
  1141 | D:2      | Reached skill level 1 in Fire Magic
  1141 | D:2      | Reached skill level 1 in Ice Magic
  1141 | D:2      | Reached skill level 1 in Air Magic
  1141 | D:2      | Reached skill level 1 in Earth Magic
  1141 | D:2      | Reached skill level 1 in Poison Magic
  1141 | D:2      | Reached skill level 1 in Evocations
  1141 | D:2      | Reached XP level 4. HP: 20/35 MP: 4/6
  1141 | D:2      | Reached XP level 5. HP: 23/41 MP: 4/7
  1662 | D:3      | Found a snail-covered altar of Cheibriados.
  1720 | D:3      | Reached XP level 6. HP: 47/47 MP: 8/8
  2132 | D:3      | Learned a level 3 spell: Swiftness
  2435 | D:4      | Noticed Pargi
  2479 | D:4      | Killed Pargi
  2681 | D:4      | Reached XP level 7. HP: 52/52 MP: 10/10
  2881 | D:4      | Reached *** piety under Qazlal
  3864 | D:5      | Entered Level 5 of the Dungeon
  3910 | D:5      | Found a staircase to the Ecumenical Temple.
  4005 | D:5      | Found a blossoming altar of Fedhas.
  4138 | D:5      | Reached XP level 8. HP: 60/60 MP: 12/12
  4772 | D:6      | Reached skill level 11 in Armour
  4800 | D:6      | Reached **** piety under Qazlal
  4910 | D:6      | Found a glowing drain.
  4917 | Sewer    | Entered a sewer
  5543 | D:6      | Noticed Maggie
  5579 | D:6      | Killed Maggie
  5580 | D:6      | Reached XP level 9. HP: 28/67 MP: 13/15
  5787 | D:6      | Reached skill level 5 in Fighting
  5821 | D:6      | Found a shimmering altar of Xom.
  5886 | D:6      | Noticed Edmund
  5908 | D:6      | Reached ***** piety under Qazlal
  5926 | D:6      | Killed Edmund
  6297 | D:6      | Noticed Eustachio
  6321 | D:6      | Killed Eustachio
  6618 | D:6      | Found an iron altar of Okawaru.
  6620 | D:6      | Found a sparkling altar of Nemelex Xobeh.
  6684 | D:7      | Reached skill level 5 in Invocations
  7092 | D:7      | Found a burning altar of Makhleb.
  7526 | D:8      | Reached skill level 5 in Short Blades
  7526 | D:8      | Reached skill level 5 in Long Blades
  7526 | D:8      | Reached skill level 5 in Axes
  7526 | D:8      | Reached skill level 5 in Maces & Flails
  7526 | D:8      | Reached skill level 5 in Polearms
  7526 | D:8      | Reached skill level 5 in Staves
  7526 | D:8      | Reached skill level 5 in Throwing
  7526 | D:8      | Reached skill level 5 in Dodging
  7526 | D:8      | Reached skill level 5 in Stealth
  7526 | D:8      | Reached skill level 5 in Shields
  7526 | D:8      | Reached skill level 5 in Unarmed Combat
  7526 | D:8      | Reached skill level 5 in Spellcasting
  7526 | D:8      | Reached skill level 5 in Evocations
  7526 | D:8      | Reached XP level 10. HP: 68/76 MP: 17/17
  7546 | D:8      | Reached skill level 10 in Ranged Weapons
  7930 | D:8      | Noticed Erica
  8213 | D:9      | Found a staircase to the Orcish Mines.
  8221 | D:9      | Found an opulent altar of Gozag.
  8337 | D:9      | Noticed a kobold demonologist
  8360 | D:9      | Killed a kobold demonologist
  8379 | D:9      | Found a flagged portal.
  8405 | Bailey   | Entered a bailey
  8443 | Bailey   | HP: 2/76 [ogre/+0 halberd (14)]
  8730 | Bailey   | Noticed a two-headed ogre
  8751 | Bailey   | Killed a two-headed ogre
  8761 | D:9      | Slain by a yak

Illustrated notes

Levels and vault maps discovered:
D:1:      amcnicky_arrival_flooded_fountain, layout_basic,
          shapermc_ecumenical_altar_flowoftime, minmay_split_cup_large
D:2:      layout_rooms, serial_shops, nicolae_shop_statue_plus, uniq_sigmund
D:3:      minmay_skewed_foursquare, layout_rooms, cheibriados_altar_2
D:4:      layout_layer_cave, dreamdust_gnoll_farm, uniq_pargi
D:5:      layout_basic, mainiacjoe_overflow_tiny_flanked,
          minmay_temple_entry_mist, feat_on_display
D:6:      layout_basic, nicolae_overflow_hidden_temple,
          lightli_sewer_entry_pipes, uniq_maggie, uniq_eustachio, uniq_edmund
D:7:      layout_cave_pools, marbit_many_paths
D:8:      layout_basic, kennysheep_decorative_pillar, uniq_erica
D:9:      layout_stronghold, lemuel_coloured_pillars_altar,
          mainiacjoe_overflow_catwalk, orc_0_dummy, gammafunk_ghost_icy,
          enter_bailey_6, minivault_12, uniq_psyche

Skill      XL: |  1  2  3  4  5  6  7  8  9 10 |
---------------+-------------------------------+-----
Armour         | 11 | 11.8
Invocations    | 1 2 3 4 5 6 |  6.3
Fighting       | 3 4 5 6 |  6.3
Short Blades   | 1 2 3 4 5 |  5.7
Long Blades    | 1 2 3 4 5 |  5.7
Axes           | 1 2 3 4 5 |  5.7
Maces & Flails | 1 2 3 4 5 |  5.7
Polearms       | 1 2 3 4 5 |  5.7
Staves         | 1 2 3 4 5 |  5.7
Throwing       | 1 2 3 4 5 |  5.7
Dodging        | 1 2 3 4 5 |  5.7
Stealth        | 1 2 3 4 5 |  5.7
Shields        | 1 2 3 4 5 |  5.7
Unarmed Combat | 1 2 3 4 5 |  5.7
Spellcasting   | 1 2 3 4 5 |  5.7
Conjurations   | 1 2 3 4 |  4.7
Hexes          | 1 2 3 4 |  4.7
Summonings     | 1 2 3 4 |  4.7
Necromancy     | 1 2 3 4 |  4.7
Translocations | 1 2 3 4 |  4.7
Transmutations | 1 2 3 4 |  4.7
Fire Magic     | 1 2 3 4 |  4.7
Ice Magic      | 1 2 3 4 |  4.7
Air Magic      | 1 2 3 4 |  4.7
Earth Magic    | 1 2 3 4 |  4.7
Poison Magic   | 1 2 3 4 |  4.7
Evocations     | 1 2 3 4 5 |  5.7
Ranged Weapons | 9 10 | 10.3

Action                   |  1- 3 |  4- 6 |  7- 9 | 10-12 || total
-------------------------+-------+-------+-------+-------++-------
Melee: Long sword        |       |    31 |   414 |    70 ||   515
       Bite              |       |     2 |    52 |     6 ||    60
       Punch             |       |       |     2 |       ||     2
 Fire: Sling             |   107 |    96 |   115 |    30 ||   348
Invok: Upheaval          |       |       |     2 |     7 ||     9
       Elemental Force   |       |       |     2 |     2 ||     4
Evoke: Wand              |       |       |       |     1 ||     1
  Use: Scroll            |       |    12 |     8 |       ||    20
       Potion            |       |     1 |     1 |     2 ||     4
Armor: Scale mail        |    35 |     6 |       |       ||    41
       Leather armour    |       |    19 |       |       ||    19
       Troll leather arm |       |     2 |   112 |       ||   114
       Swamp dragon scal |       |       |    85 |    67 ||   152
Dodge: Dodged            |    35 |    64 |   251 |    67 ||   417
       Repelled          |       |       |     4 |       ||     4
Block: Other             |     3 |    13 |    27 |       ||    43
       Buckler           |       |       |   181 |    86 ||   267
